 Dungeon Crawl Stone Soup version 0.20.0-10-g0535bb4 (webtiles) character file.

396 MTVSty1e the Slasher (level 6, -1/76 HPs)
             Began as a Merfolk Gladiator on June 5, 2017.
             Slain by Menkaure (3 damage)
             ... on level 4 of the Dungeon.
             The game lasted 00:04:40 (3457 turns).

MTVSty1e the Slasher (Merfolk Gladiator)            Turns: 3457, Time: 00:04:40

Health: -1/76      AC: 10    Str: 22    XL:     6   Next: 83%
Magic:  6/6        EV: 14    Int:  7    God:
Gold:   138        SH:  0    Dex: 15    Spells: 5/5 levels left

rFire    . . .     SeeInvis .   a - +0 long sword
rCold    . . .     Gourm    .   (no shield)
rNeg     . . .     Faith    .   i - +0 scale mail
rPois    .         Spirit   .   c - +0 helmet
rElec    .         Reflect  .   (no cloak)
rCorr    .         Harm     .   v - +0 pair of gloves
MR       ++...                  q - +1 pair of boots
Stlth    ..........             (no amulet)
Regen    0.3/turn               x - ring of protection from magic
MPRegen  0.1/turn               u - +2 ring of evasion

@: berserking, hasted, very quick
A: change form in water, swift swim, stealthy swim, magic resistance 1, subdued
magic 1
a: no special abilities


You were on level 4 of the Dungeon.
You were not hungry.

You visited 1 branch of the dungeon, and saw 4 of its levels.

You collected 138 gold pieces.

Inventory:

Hand Weapons
 a - a +0 long sword (weapon)
Missiles
 l - a throwing net (quivered)
Armour
 c - a +0 helmet (worn)
 i - a +0 scale mail (worn)
 q - a +1 pair of boots (worn)
 v - a +0 pair of gloves (worn)
 w - a +2 helmet
Jewellery
 p - an uncursed ring of wizardry
 u - a +2 ring of evasion (right hand)
 x - a ring of protection from magic (left hand)
Scrolls
 e - a scroll of amnesia {unknown}
 g - 3 scrolls of identify {unknown}
 h - 2 scrolls of recharging {unknown}
 k - 3 scrolls of teleportation {unknown}
 o - a scroll of blinking {unknown}
 r - a scroll of enchant weapon {unknown}
 s - 3 scrolls of immolation {unknown}
 t - 2 scrolls of remove curse {unknown}
Potions
 n - a potion of mutation
Comestibles
 b - a meat ration
 d - 2 royal jellies
 f - 5 bread rations
 j - a fruit
 z - 2 chunks of flesh


   Skills:
 + Level 5.0 Fighting
 * Level 6.7 Long Blades
 - Level 2.0 Throwing
 - Level 4.0 Dodging


You had 5 spell levels left.
You didn't know any spells.

Dungeon Overview and Level Annotations

Branches:
Dungeon (4/15)
 Temple: D:4-7

Altars:
Gozag
Kikubaaqudgha

Annotations:
D:4 Menkaure


Innate Abilities, Weirdness & Mutations

You revert to your normal form in water.
You are very nimble and swift while swimming.
You are very stealthy in the water. (Stealth+)
You are resistant to hostile enchantments. (MR+)
Your spells are a little easier to cast, but a little less powerful.


Message History

It was a potion of berserk rage.
A red film seems to cover your vision as you go berserk!
You feel yourself moving faster!
You feel mighty!
The hobgoblin hits you but does no damage.
You hit Menkaure.
Menkaure is moderately damaged.
Menkaure hits you!
* * * LOW HITPOINT WARNING * * *
The goblin closely misses you. The hobgoblin misses you.
You slash Menkaure!
Menkaure is severely damaged.
Menkaure shouts, "The sands of time shall wipe you from history!"
Menkaure hits you.
* * * LOW HITPOINT WARNING * * *
You slash Menkaure!
Menkaure is almost destroyed.
The goblin closely misses you.
You riposte.
You closely miss the goblin.
The goblin is heavily wounded.
The hobgoblin barely misses you. Menkaure hits you.
You die...

#....#....
[...>.#....#.... .....
#..<.#.... #### #...#
#..###....
##...###...###..#....##
#..........#....'....#.
#..........#....#....#.
#.....gg...#....#....'.
#..(.%@Mg..#....#...[#.
###'####g########....#.
#....?...g...........##
#....gM).............#
#:..g...M............#
#....................#
#......##+#######....#
$$$..Z..# #....#
$_$.....# +....#


You could see Menkaure, 2 hobgoblins and 3 goblins.

Vanquished Creatures
  The ghost of salade2fruit the Bolt Thrower, an amateur KoAM (D:3)
  A howler monkey (D:4)
  A bullfrog skeleton (D:4)
  Robin (D:4)
  6 adders
  3 gnolls (D:3)
  4 worms
  A dart slug (D:1)
  5 leopard geckos
  3 orcs
  2 bat zombies (D:3)
  2 giant cockroaches
  7 goblins
  5 hobgoblins
  5 jackals
  5 bats (D:1)
  2 frilled lizards
  2 kobolds (D:1)
  6 rats
62 creatures vanquished.

Notes
Turn   | Place    | Note
-------+----------+-------------------------------------------
     0 | D:1      | MTVSty1e the Merfolk Gladiator began the quest for the Orb.
     0 | D:1      | Reached XP level 1. HP: 16/16 MP: 1/1
   355 | D:1      | Reached XP level 2. HP: 23/23 MP: 2/2
   834 | D:1      | Reached skill level 4 in Long Blades
   883 | D:2      | Reached XP level 3. HP: 28/28 MP: 3/3
  1506 | D:2      | Reached XP level 4. HP: 30/35 MP: 4/4
  2160 | D:3      | Found an ancient bone altar of Kikubaaqudgha.
  2176 | D:3      | Noticed salade2fruit's ghost (amateur KoAM)
  2178 | D:3      | Gained mutation: Your spells are a little easier to cast, but a little less powerful. [potion of mutation]
  2178 | D:3      | Gained mutation: You are resistant to hostile enchantments. (MR+) [potion of mutation]
  2197 | D:3      | Killed salade2fruit's ghost
  2197 | D:3      | Reached skill level 6 in Long Blades
  2197 | D:3      | Reached XP level 5. HP: 15/43 MP: 5/5
  2197 | D:3      | Reached XP level 6. HP: 17/49 MP: 6/6
  3429 | D:4      | Found an opulent altar of Gozag.
  3429 | D:4      | Noticed Robin
  3432 | D:4      | Noticed Menkaure
  3441 | D:4      | Reached skill level 5 in Fighting
  3446 | D:4      | Killed Robin
  3456 | D:4      | HP: 2/76 [Menkaure (4)]
  3457 | D:4      | Slain by Menkaure

Skill      XL: |  1  2  3  4  5  6 |
---------------+-------------------+-----
Long Blades    | 4 6 |  6.7
Fighting       | 3 4 5 |  5.0
Throwing       | |  2.0
Dodging        | |  4.0

Action                   |  1- 3 |  4- 6 || total
-------------------------+-------+-------++-------
Melee: Long sword        |    80 |   127 ||   207
  Use: Potion            |       |     4 ||     4
  Eat: Royal jelly       |     1 |       ||     1
       Meat ration       |       |     1 ||     1
       Chunk             |       |     1 ||     1
Armor: Scale mail        |    48 |    55 ||   103
       Ring mail         |     3 |       ||     3
       Skin              |       |     6 ||     6
Dodge: Dodged            |    70 |    98 ||   168
       Rpst.: Long sword |    25 |    30 ||    55
